Map: Jagannatha LE

Players

Pumba - Winner!

  • Race: Zerg Zerg
  • League: Master
  • Spawn Location: 1:00

ClsClassiC

  • Race: Terran Terran
  • League: Master
  • Spawn Location: 7:00

VOD

Have the link to the VOD?

Description

Time

  • Played on: Sept. 7, 2021, 4:55 p.m.
  • Length: 9:43
Show
View Real Time Build Order
Export as new Build Order

Pumba Zerg - Winner!

Build Orders: Pool First 

Get SALT Encoding   

  12  0:01  Drone  
  13  0:12  Overlord  
  13  0:17  Drone  
  14  0:31  Drone x2  
  16  0:37  Drone  
  17  0:45  Spawning Pool  
  17  0:49  Drone  
  17  1:09  Hatchery  
  16  1:12  Extractor  
  16  1:13  Drone  
  16  1:16  Drone  
  17  1:32  Zergling x4  
  19  1:38  Roach Warren  
  18  1:45  Queen  
  20  1:50  Drone  
  21  1:54  Drone  
  22  2:02  Overlord  
  22  2:25  Roach x3  
  28  2:33  Roach x2  
  32  2:48  Overlord  
  32  2:50  Queen  
  33  3:00  Drone x3  
  35  3:13  Ravager  
  35  3:15  Drone x3  
  39  3:22  Extractor  
  38  3:35  Drone x6  
  38  3:38  Lair  
  44  3:47  Overlord  
  44  4:00  Overlord  
  44  4:02  Overlord  
  42  4:06  Drone x4  
  37  4:22  Extractor  
  37  4:23  Drone x2, Extractor  
  37  4:24  Drone  
  38  4:27  Drone x2  
  40  4:43  Spire  
  39  4:46  Hatchery  
  40  4:53  Roach x4  
  40  4:59  Drone x3  
  49  5:00  Drone  
  49  5:01  Drone  
  49  5:03  Drone  
  52  5:21  Drone x3  
  55  5:24  Drone  
  55  5:25  Queen  
  55  5:27  Overlord x2  
  56  5:57  Mutalisk x7  
  56  6:04  Queen  
  70  6:05  Queen  
  70  6:10  Overlord x2  
  72  6:15  Roach x3  
  72  6:18  Drone x3  
  79  6:28  Drone x3  
  78  6:40  Drone x6  
  78  6:44  Glial Reconstitution, Drone x2, Evolution Chamber  
  78  6:45  Evolution Chamber  
  84  6:56  Extractor  
  84  6:58  Drone x3, Extractor  
  84  6:59  Drone x3  
  84  7:10  Overlord  
  84  7:27  Zerg Ground Armor Level 1, Zerg Missile Weapons Level 1  
  84  7:28  Roach x7  
  98  7:36  Overlord x3  
  98  7:48  Overlord x3  
  98  7:53  Roach x4  
  106  8:08  Roach x9  
  106  8:12  Overlord  
  124  8:13  Roach  
  126  8:31  Roach x4  
  134  8:40  Ravager x9  
  143  8:42  Overseer  
  143  8:43  Overseer  
  143  8:44  Overseer  
  143  8:46  Pneumatized Carapace  
  143  8:53  Roach x9  
  161  9:06  Overlord x3  
  161  9:07  Overlord x3  
  158  9:32  Hatchery  
Show
View Real Time Build Order
Export as new Build Order

ClsClassiC Terran 

Build Orders:  

Get SALT Encoding   

  12  0:00  SCV  
  13  0:13  SCV  
  14  0:26  SCV  
  14  0:28  Supply Depot  
  15  0:49  SCV  
  16  0:51  Barracks  
  16  0:55  Refinery  
  16  1:02  SCV  
  17  1:14  SCV  
  18  1:26  SCV  
  20  1:41  Orbital Command  
  20  1:42  Reaper  
  20  1:52  Command Center  
  20  1:58  Supply Depot  
  20  2:05  Refinery  
  20  2:07  SCV  
  21  2:13  Marine  
  22  2:17  Factory  
  22  2:20  SCV  
  23  2:33  Marine  
  23  2:43  SCV  
  24  2:51  Marine  
  24  2:55  SCV  
  26  3:02  Factory Reactor  
  26  3:07  Bunker, SCV  
  26  3:09  Starport  
  27  3:16  Barracks Tech Lab  
  27  3:22  SCV  
  25  3:36  Marauder  
  25  3:41  Widow Mine x2  
  31  3:43  SCV  
  31  3:46  Medivac  
  33  3:58  Marauder  
  24  4:16  Orbital Command  
  20  4:22  SCV  
  21  4:34  SCV  
  22  4:46  SCV, Hellion x2  
  22  4:49  Marauder  
  22  4:52  SCV  
  30  4:58  SCV  
  31  5:00  Concussive Shells  
  31  5:07  SCV  
  31  5:10  SCV  
  33  5:18  Marauder  
  33  5:19  SCV  
  36  5:23  SCV  
  36  5:25  Starport Tech Lab  
  37  5:31  SCV  
  37  5:35  SCV  
  39  5:44  SCV, Widow Mine  
  39  5:47  SCV  
  42  6:04  Marauder  
  44  6:10  Armory  
  44  6:11  SCV  
  45  6:23  Supply Depot  
  45  6:24  Supply Depot  
  46  6:28  Widow Mine x2  
  42  6:44  Viking  
  33  6:47  Engineering Bay  
  33  6:48  SCV x2  
  33  6:49  Widow Mine x2  
  32  7:25  Thor  
  34  7:31  SCV  
  34  7:32  SCV  
  36  7:40  Missile Turret  
  36  7:49  Missile Turret  
  36  7:52  SCV  
  36  7:55  SCV  
  38  8:04  SCV  
  38  8:09  SCV  
  39  8:16  SCV  
  39  8:19  Thor  
  46  8:21  SCV  
  47  8:28  SCV  
  47  8:30  Factory  
  47  8:33  Medivac  
  50  8:49  SCV x2  
  50  8:54  Refinery  
  52  8:56  Refinery  
  52  9:01  SCV  
  52  9:02  SCV  
  52  9:04  Siege Tank  
  55  9:13  SCV  
  55  9:14  SCV  
  60  9:26  SCV x2  
Tags
 
Add a new tag
Caveats
  • Supply blocks, unpowered buildings, or Contaminate may cause inaccurate times.
  • Supply counts are checked every 10 seconds.